 Dungeon Crawl Stone Soup version 0.27.1-3-gb3d3a73c9e (webtiles) character file.

Game seed: 11257282364193733183

197 Naeght the Cudgeller (level 5, -3/47 HPs)
             Began as a Minotaur Fighter on Sept 17, 2021.
             Slain by a gnoll (4 damage)
             ... on level 4 of the Dungeon on Oct 6, 2021.
             The game lasted 00:05:34 (2629 turns).

Naeght the Cudgeller (Minotaur Fighter)             Turns: 2629, Time: 00:05:35

Health: -3/47      AC:  8    Str: 21    XL:     5   Next: 46%
Magic:  4/4        EV:  7    Int:  5    God:
Gold:   94         SH:  9    Dex: 10    Spells: 4/4 levels left

rFire    . . .     SeeInvis .   a - +0 flail
rCold    . . .     Faith    .   c - +0 kite shield
rNeg     . . .     Spirit   .   b - +0 scale mail
rPois    +         Reflect  .   (helmet restricted)
rElec    .         Harm     .   (no cloak)
rCorr    .         Rampage  .   f - +0 pair of gloves
Will     .....                  (no boots)
Stlth    ..........             (no amulet)
HPRegen  0.15/turn              o - ring of poison resistance
MPRegen  0.09/turn              (no ring)

@: lit by a corona, glowing
A: horns 2, retaliatory headbutt
a: no special abilities


You were on level 4 of the Dungeon.
You visited 1 branch of the dungeon, and saw 4 of its levels.

You collected 94 gold pieces.

Inventory:

Hand Weapons
 a - a +0 flail (weapon)
Armour
 b - a +0 scale mail (worn)
 c - a +0 kite shield (worn)
 f - a +0 pair of gloves (worn)
Jewellery
 o - a ring of poison resistance (left hand)
Wands
 r - a wand of iceblast (7)
Scrolls
 g - 5 scrolls of identify {unknown}
 h - a scroll of teleportation {unknown}
 i - a scroll of noise {unknown}
 l - a scroll of fog {unknown}
 n - a scroll of magic mapping {unknown}
 q - a scroll of amnesia {unknown}
 s - a scroll of summoning {unknown}
Potions
 d - a potion of might
 e - a potion of degeneration {unknown}
 j - a potion of curing {unknown}
 k - a potion of ambrosia {unknown}
 m - 2 potions of haste {unknown}
 p - a potion of mutation {unknown}


   Skills:
 + Level 4.7 Fighting
 * Level 4.7 Maces & Flails
 + Level 4.6 Armour
 + Level 4.6 Shields


You had 4 spell levels left.
You didn't know any spells.
Your spell library was empty.

Dungeon Overview and Level Annotations

Branches:
Dungeon (4/15)
 Temple: D:4-7

Altars:
Ashenzari
Cheibriados


Innate Abilities, Weirdness & Mutations

You have a pair of horns on your head.
You reflexively headbutt those who attack you in melee.


Message History

You block the gnoll's attack. The gnoll closely misses you.
The gnoll shaman hits you with a +0 whip.
The gnoll closely misses you. You block the gnoll's attack.
The gnoll shaman utters an invocation to its god.
The gnoll shaman is healed somewhat.
You hit the gnoll shaman but do no damage.
Your headbutt misses the gnoll shaman.
The gnoll shaman is heavily wounded.
You block the gnoll's attack. x2
The gnoll shaman hits you with a +0 whip.
The gnoll hits you from afar with a +0 halberd!
* * * LOW HITPOINT WARNING * * *
You barely miss the gnoll shaman.
The gnoll shaman is heavily wounded.
The gnoll closely misses you.
The gnoll shaman hits you with a +0 whip.
* * * LOW HITPOINT WARNING * * *
The gnoll hits you but does no damage. The gnoll shaman barely misses you.
You furiously retaliate!
You headbutt the gnoll shaman!
The gnoll shaman calls upon its god to speed up something.
The gnoll shaman invokes the aid of its god against you.
You are outlined in light.
The gnoll closely misses you. You block the gnoll's attack.
The gnoll completely misses you. You block the gnoll's attack.
The gnoll hits you from afar with a +0 spear.
* * * LOW HITPOINT WARNING * * *
You block the gnoll's attack. You block the gnoll's attack.
The gnoll shaman mumbles some strange prayers to its god.
The gnoll shaman is healed somewhat.
The gnoll hits you from afar with a +0 spear.
* * * LOW HITPOINT WARNING * * *
You block the gnoll's attack. You block the gnoll's attack.
You see here 18 stones.
The gnoll hits you from afar with a +0 spear.
You die...

#####.###.....## ##.#
#####.>.###...## #.####
#....###.###'## #.....
#.#..# #.# #.# ##.###
#.#).###.# #.# #.#
###.#.#...####.#########
#.#
#...<....####...#......#
#.# #.###.##.#
#...........# #.# #.##.#
##@..#.###..# #.#
#.##.###..(##.# #..###.#
#........g.##.#
#.....####
####.###...##.#
##.####... #.# ###.##.#
#.####.._ ..#
#g##.####....##.. ###
#.##......##.....
#.############### #.#


You could see a gnoll shaman and a gnoll (fast).

Vanquished Creatures
  A water moccasin skeleton (D:4)
  Ijyb (D:3)
  Jessica (D:3)
  A gnoll (D:4)
  An adder (D:3)
  2 dart slugs (D:1)
  4 orcs (D:4)
  10 ball pythons
  3 endoplasms
  11 giant cockroaches (D:3)
  7 hobgoblins
  4 jackals (D:3)
  2 quokkas (D:3)
  6 bats
  3 frilled lizards
  3 goblins
  3 kobolds
  4 rats
67 creatures vanquished.

Notes
Turn   | Place    | Note
-------+----------+-------------------------------------------
     0 | D:1      | Naeght the Minotaur Fighter began the quest for the Orb.
     0 | D:1      | Reached XP level 1. HP: 19/19 MP: 0/0
   227 | D:1      | Upgraded the game from 0.27.1-1-g398f81649c to
                  | 0.27.1-3-gb3d3a73c9e
   378 | D:1      | Reached XP level 2. HP: 27/27 MP: 1/1
  1277 | D:2      | Reached XP level 3. HP: 33/33 MP: 2/2
  1642 | D:3      | Noticed Jessica
  1646 | D:3      | Killed Jessica
  1647 | D:3      | Reached XP level 4. HP: 23/40 MP: 3/3
  1647 | D:3      | Found a faded altar of an unknown god.
  1825 | D:3      | Noticed Ijyb
  1850 | D:3      | Killed Ijyb
  1984 | D:3      | Found a broken altar of Ashenzari.
  2222 | D:4      | Reached XP level 5. HP: 47/47 MP: 4/4
  2306 | D:4      | Found a snail-covered altar of Cheibriados.
  2623 | D:4      | HP: 1/47 [gnoll (5)]
  2629 | D:4      | Slain by a gnoll

Illustrated notes

Levels and vault maps discovered:
D:1:      moated_graveyard_arrival, layout_loops_ring, minmay_bisected
D:2:      layout_basic, st_stairs_9
D:3:      minmay_roachtagon, layout_basic, marbit_many_paths,
          basic_ecumenical_altar, uniq_ijyb, uniq_jessica
D:4:      layout_loops_corners, mainiacjoe_overflow_catwalk,
          mainiacjoe_overflow_alcove_1, saegor_snake_ambush

Skill      XL: |  1  2  3  4 |
---------------+-------------+-----
Maces & Flails | 3 4 |  4.7
Shields        | 4 |  4.6
Fighting       | 4 |  4.7
Armour         | 4 |  4.6

Action                   |  1- 3 |  4- 6 || total
-------------------------+-------+-------++-------
Melee: Flail             |    83 |   102 ||   185
       Headbutt          |    13 |    12 ||    25
Armor: Scale mail        |    62 |    60 ||   122
Dodge: Dodged            |    34 |    41 ||    75
Block: Kite shield       |    59 |    66 ||   125
